 Dungeon Crawl Stone Soup version bcrawl-1.27.8b (webtiles) character file.

Game seed: 14345349791121067137

100762 MisterOstroum the Skirmisher (level 2, 0/25 HPs)
             Began as a Hill Orc Wanderer on Oct 29, 2020.
             Slain by a kobold
             ... wielding a +0 short sword
              (4 damage)
             ... on level 2 of the Dungeon.
             The game lasted 00:00:25 (53 turns).

MisterOstroum the Skirmisher (Hill Orc Wanderer)      Turns: 53, Time: 00:00:26

Health: 0/25       AC:  2    Str: 13    XL:     2   Next: 0%
Magic:  3/3        EV: 12    Int: 10    God:
Gold:   0          SH:  0    Dex: 13    Spells: 3/3 levels left

rFire    . . .     SeeInvis .   a - +2 spear
rCold    . . .     Gourm    .   (no shield)
rNeg     . . .     Faith    .   d - +0 robe
rPois    .         Spirit   .   (no helmet)
rElec    .         Reflect  .   (no cloak)
rCorr    .         Harm     .   (no gloves)
MR       .....                  (no boots)
Stlth    ++........             (no amulet)
HPRegen  0.08/turn              (no ring)
MPRegen  0.08/turn              (no ring)

@: no status effects
A: no striking features
a: no special abilities


You were on level 2 of the Dungeon.
You were not hungry.

You visited 1 branch of the dungeon, and saw 2 of its levels.

Inventory:

Hand Weapons
 a - a +2 spear (weapon)
Armour
 d - a +0 robe (worn)
Potions
 b - a potion of berserk rage
 c - a potion of curing {@q1 !q}
Comestibles
 e - a ration {!d}


   Skills:
 * Level 2.6 Fighting
   Level 2.6 Short Blades
   Level 2.6 Long Blades
   Level 2.6 Axes
   Level 2.6 Maces & Flails
   Level 2.6 Polearms
   Level 2.6 Staves
 - Level 1.0 Throwing
 + Level 1.1 Dodging
 + Level 1.2 Stealth
   Level 2.6 Unarmed Combat
 - Level 1.0 Spellcasting
   Level 1.5 Air Magic
   Level 1.0 Evocations


You had 3 spell levels left.
You didn't know any spells.
Your spell library was empty.

Dungeon Overview and Level Annotations

Branches:
Dungeon (2/12)

Altars:


Message History

Welcome, MisterOstroum the Hill Orc Wanderer.
Will you be the one to retrieve the transcendent Orb of Zot from the depths?
Press m to set your skill training.
Press ? for a list of commands and other information.
Found a staircase leading out of the dungeon.
You begin with the following items: a +2 spear, a potion of berserk rage, a potion of curing {@q1 !q}, a +0 robe, a ration {!d}.
Wield which item (- for none, * to show all)? (? for menu, Esc to quit)
Okay, then.
Unknown command.
Wear which item? (? for menu, Esc to quit)
Okay, then.
An ooze comes into view.
Found an escape hatch in the floor.
An ooze is nearby!
An ooze is nearby!
Attack whom?
Press: ? - help, Dir - move target cursor, f - ooze
Aim: an ooze (resting)
You reach to attack!
The helpless ooze fails to defend itself.
You hit the ooze.
The ooze is lightly wounded.
You hit the ooze.
The ooze is severely wounded.
The ooze closely misses you.
You hit the ooze.
The ooze is severely wounded.
The ooze hits you.
You barely miss the ooze.
The ooze is severely wounded.
You puncture the ooze!
You kill the ooze!
No target in view!
No target in view!
No target in view!
HP restored.
A hobgoblin comes into view. It is wielding a +0 club.
Found a scroll labeled SYAROYZIRA.
Found an escape hatch in the floor.
A hobgoblin is nearby!
A kobold comes into view. It is wielding a +0 short sword.
The hobgoblin shouts!
A kobold comes into view.
A rat comes into view.
The kobold shouts!
You hit the hobgoblin.
The hobgoblin is severely wounded.
You closely miss the hobgoblin.
The hobgoblin is severely wounded.
The hobgoblin misses you.
You closely miss the hobgoblin.
The hobgoblin is severely wounded.
The kobold shouts!
The hobgoblin hits you with a +0 club.
You completely miss the hobgoblin.
The hobgoblin is severely wounded.
A kobold comes into view. It is wielding a +0 dagger.
The hobgoblin barely misses you.
The kobold shouts!
You hit the hobgoblin.
You kill the hobgoblin!
You hear a shout!
A goblin comes into view. It is wielding a +0 club.
You barely miss the rat. The rat misses you.
You closely miss the rat. The rat barely misses you.
You closely miss the rat. The rat bites you.
You completely miss the rat. The rat bites you.
The kobold hits you but does no damage.
You hit the rat but do no damage. The rat bites you.
The kobold barely misses you.
You barely miss the rat.
The kobold throws a stone.
The stone closely misses you. The rat bites you.
The kobold hits you with a +0 short sword.
You are too injured to fight recklessly!
You are too injured to fight recklessly!
You are too injured to fight recklessly!
You are too injured to fight recklessly!
You are too injured to fight recklessly!
The rat barely misses you.
There is an escape hatch in the floor here.
Really go through this one-way escape hatch?
The rat bites you. The kobold barely misses you.
You slide downwards.
The hatch slams shut behind you.
You barely miss the rat. The rat bites you.
* * * LOW HITPOINT WARNING * * *
The kobold closely misses you.
You hit the rat.
You kill the rat!
You have reached level 2!
The kobold closely misses you.
You barely miss the kobold. Your punch misses the kobold.
The kobold hits you with a +0 short sword.
You die...

####
#..
#K#####
#@....#
#####.#


You could see a kobold.

Vanquished Creatures
  An ooze (D:1)
  A hobgoblin (D:1)
  A rat (D:2)
3 creatures vanquished.

Notes
Turn   | Place    | Note
-------+----------+-------------------------------------------
     0 | D:1      | MisterOstroum the Hill Orc Wanderer began the quest for the
                  | Orb.
     0 | D:1      | MisterOstroum set off with the following items: a +2 spear,
                  | a potion of berserk rage, a potion of curing {@q1 !q}, a +0
                  | robe, a ration {!d}
     0 | D:1      | Reached XP level 1. HP: 18/18 MP: 2/2
    52 | D:2      | Reached XP level 2. HP: 4/25 MP: 3/3
    53 | D:2      | Slain by a kobold

Action                   || total
-------------------------++-------
Melee: Spear             ||    19
 Stab: Sleeping          ||     1
Dodge: Dodged            ||    11
